 Dungeon Crawl Stone Soup version 0.27.1-34-g3ba077fa99 (webtiles) character file.

Game seed: 9485517551909898148

9 unlimited1921 the Skirmisher (level 2, 0/29 HPs)
             Began as a Troll Fighter on Feb 1, 2022.
             Succumbed to a kobold's poison
             ... on level 1 of the Dungeon.
             The game lasted 00:00:56 (68 turns).

unlimited1921 the Skirmisher (Troll Fighter)          Turns: 68, Time: 00:00:57

Health: 0/29       AC:  4    Str: 23    XL:     2   Next: 6%
Magic:  1/1        EV:  8    Int:  4    God:
Gold:   0          SH:  8    Dex:  9    Spells: 1/1 levels left

rFire    . . .     SeeInvis .   a - +0 war axe
rCold    . . .     Faith    .   c - +0 kite shield
rNeg     . . .     Spirit   .   b - +0 robe
rPois    .         Reflect  .   (helmet restricted)
rElec    .         Harm     .   (no cloak)
rCorr    .         Rampage  .   (gloves unavailable)
Will     .....                  (boots unavailable)
Stlth    +.........             (no amulet)
HPRegen  1.09/turn              (no ring)
MPRegen  0.07/turn              (no ring)

@: lethally poisoned (0 -> -7)
A: large, unfitting armour, claws 3, regeneration 1, shaggy fur 1, tough skin 1
a: no special abilities


You were on level 1 of the Dungeon.
You visited 1 branch of the dungeon, and saw 1 of its levels.

Inventory:

Hand Weapons
 a - a +0 war axe (weapon)
Missiles
 e - 21 bolts
 f - 12 poisoned darts (quivered)
Armour
 b - a +0 robe (worn)
 c - a +0 kite shield (worn)
Potions
 d - a potion of might


   Skills:
 * Level 2.7 Fighting
 + Level 1.6 Axes
 + Level 2.5 Dodging
 + Level 2.5 Shields


You had one spell level left.
You didn't know any spells.
Your spell library was empty.

Dungeon Overview and Level Annotations

Branches:
Dungeon (1/15)

Altars:


Innate Abilities, Weirdness & Mutations

You are too large for most types of armour.
You have claws for hands.
Your natural rate of healing is unusually fast.
You are covered in fur. (AC +1)
You have tough skin. (AC +1)


Message History

The dart slug launches a dart at you. The slug dart misses you.
You block the kobold's attack.
You slash the dart slug!
You kill the dart slug!
You closely miss the kobold.
You feel very sick. The kobold barely misses you.
You block the kobold's attack.
You have reached level 2!
You barely miss the kobold.
You feel very sick.
The kobold hits you with a +1 dagger of venom.
You are more poisoned.
Unknown command.
You closely miss the kobold.
You feel very sick.
The kobold hits you with a +1 dagger of venom.
You are more poisoned.
The kobold hits you with a +1 dagger of venom.
You are lethally poisoned!
You are too injured to fight recklessly!
You are too injured to fight recklessly!
You are too injured to fight recklessly!
You are too injured to fight recklessly!
You are too injured to fight recklessly!
Unknown command.
You are too injured to fight recklessly!
You are too injured to fight recklessly!
You are too injured to fight recklessly!
Unknown command.
You are too injured to fight recklessly!
You are too injured to fight recklessly!
* * * LOW HITPOINT WARNING * * *
You feel extremely sick.
The kobold throws a stone.
You block the stone.
* * * LOW HITPOINT WARNING * * *
You feel very sick.
The kobold throws a stone.
You block the stone.
* * * LOW HITPOINT WARNING * * *
You feel very sick.
You die...

..............$ (...
#............. ......
............. ..............
#.†........
..............####.K........
.....#......................
.....#......................
.....##.....................
.....##.........@...##......
......#.............# ......
......#.............# ......
..#...#.............# ####..
..#...#.......####### ##
..............#
....>..######...... .......#
#...... .......# #....##


You could see a kobold.

Vanquished Creatures
  A dart slug (D:1)
  An endoplasm (D:1)
  A giant cockroach (D:1)
  3 jackals (D:1)
6 creatures vanquished.

Notes
Turn   | Place    | Note
-------+----------+-------------------------------------------
     0 | D:1      | unlimited1921 the Troll Fighter began the quest for the
                  | Orb.
     0 | D:1      | Reached XP level 1. HP: 22/22 MP: 0/0
    63 | D:1      | Reached XP level 2. HP: 22/29 MP: 1/1
    67 | D:1      | HP: 1/29 [poisoned by a kobold]
    68 | D:1      | Succumbed to a kobold's poison

Illustrated notes

Levels and vault maps discovered:
D:1:      wander_arrival_chamber, layout_basic

Action                   || total
-------------------------++-------
Melee: War axe           ||    14
Armor: Robe              ||     4
Dodge: Dodged            ||     6
Block: Kite shield       ||    10
